 Dungeon Crawl Stone Soup version 0.29-a0-997-gf6f7e2dfe7 (webtiles) character file.

Game seed: 16548129611295223846

960 blackman the Cleaver (level 8, 58/58 HPs)
             Began as a Human Delver on Aug 4, 2022.
             Was a Follower of Makhleb.
             Quit the game on level 6 of the Dungeon.
             The game lasted 00:08:28 (4507 turns).

blackman the Cleaver (Human Delver)                 Turns: 4507, Time: 00:08:28

Health: 58/58      AC:  8    Str: 17    XL:     8   Next: 37%
Magic:  8/8        EV: 12    Int: 11    God:    Makhleb [*.....]
Gold:   305        SH:  0    Dex: 14    Spells: 7/7 levels left

rFire   . . .      SeeInvis .   q - +2 war axe (vamp)
rCold   + . .      Faith    .   (no shield)
rNeg    . . .      Spirit   .   i - +4 leather armour of Integrity {Drain rElec rC+ Str+2}
rPois   .          Reflect  .   (no helmet)
rElec   +          Harm     .   (no cloak)
rCorr   .          Rampage  .   (no gloves)
Will    +....                   t - +0 pair of boots
Stlth   +++.......              (no amulet)
HPRegen 0.19/turn               x - ring of willpower
MPRegen 0.11/turn               (no ring)

@: no status effects
A: no striking features
a: Renounce Religion


You were on level 6 of the Dungeon.
You worshipped Makhleb.
Makhleb was aware of your devotion.
You visited 2 branches of the dungeon, and saw 5 of its levels.
You also visited: Ossuary.

You collected 305 gold pieces.

Inventory:

Hand Weapons
 a - a +0 hand axe
 q - a +2 vampiric war axe (weapon)
Missiles
 p - 11 poisoned darts
 s - 5 javelins (quivered)
Armour
 b - a +0 leather armour
 i - the +4 leather armour of Integrity (worn) {Drain rElec rC+ Str+2}
   (You found it on level 4 of the Dungeon)

   Str:       It affects your strength (+2).
   rC:        It protects you from cold.
   rElec:     It insulates you from electricity.
   Drain:     It drains your maximum health when unequipped.
 t - a +0 pair of boots (worn)
Jewellery
 x - a ring of willpower (left hand)
Wands
 g - a wand of digging (3)
Scrolls
 c - a scroll of fog
 d - 2 scrolls of magic mapping
 e - 4 scrolls of fear
 j - 3 scrolls of enchant armour
 k - 2 scrolls of poison
 l - 4 scrolls of teleportation
 m - 2 scrolls of amnesia
Potions
 f - 2 potions of haste
 h - 3 potions of ambrosia
 n - 2 potions of curing
 o - a potion of flight
 r - 4 potions of heal wounds
 u - a potion of attraction
 v - 2 potions of brilliance
 w - a potion of degeneration {unknown}


   Skills:
 - Level 3.0 Fighting
 + Level 9.4 Axes
 - Level 2.0 Dodging
 - Level 5.0 Stealth


You had 7 spell levels left.
You didn't know any spells.
Your spell library contained the following spells:

 Spells                   Type           Power      Damage    Failure   Level
 Beastly Appendage        Tmut           0%         N/A       41%         1
 Magic Dart               Conj           0%         1d3       41%         1
 Searing Ray              Conj           0%         2d4       54%         2
 Wereblood                Tmut           0%         N/A       54%         2
 Spider Form              Tmut/Pois      0%         N/A       78%         3
 Fulminant Prism          Conj/Hex       0%         3d6       99%         4


Dungeon Overview and Level Annotations

Branches:
Dungeon (6/15)             Temple (1/1) D:4         Ossuary (visited)

Altars:
Ashenzari
Cheibriados
Dithmenos
Fedhas
Gozag
Hepliaklqana
Kikubaaqudgha
Makhleb
Nemelex Xobeh
Okawaru
Qazlal
Ru
Sif Muna
Trog
Vehumet
Wu Jian
Xom
Yredelemnul
The Shining One

Shops:
D:4 [


Message History

You hit the necrophage.
The necrophage is moderately damaged.
The necrophage closely misses you.
You closely miss the necrophage.
The necrophage is moderately damaged.
The necrophage closely misses you.
You slash the necrophage!
The necrophage is almost destroyed.
The necrophage closely misses you.
You barely miss the necrophage.
The necrophage is almost destroyed.
The necrophage hits you.
You hit the necrophage.
The necrophage is almost destroyed.
The necrophage hits you but does no damage.
You hit the necrophage.
You destroy the necrophage!
Makhleb accepts your kill.
No target in view!
No target in view!
No target in view!
No target in view!
No target in view!
No target in view!
No target in view!
You pick up a book of Conjurations and begin reading...
You add the spells Magic Dart, Searing Ray and Fulminant Prism to your library.
Key pressed, stopping explore.
f - 2 potions of haste (gained 1) Key pressed, stopping explore.
j - 3 scrolls of enchant armour (gained 1) Key pressed, stopping explore.
Key pressed, stopping explore.
Key pressed, stopping explore.
Found a radiant altar of Vehumet.
l - 4 scrolls of teleportation (gained 1) 2 killer bees come into view.
There are monsters nearby!
There are monsters nearby!
Are you sure you want to abandon this character and quit the game? (Confirm with "yes".)

#..........##.....
#.###########.....
#.# #..... #.#
##.##. #.# .##. #.#
#. #.# #. #.# #.
#@# ## #. #.....#
.#...####.
###................
.P.PPPPP.P.###..
.P....... #..
.P.P..y #.. .P.P._.
#.. .P.P.y. #.. #..


You could see 2 killer bees.

Vanquished Creatures
  Sigmund (D:4)
  A centaur (D:5)
  A kobold brigand (D:6)
  A bullfrog (D:6)
  2 necrophages (D:6)
  A howler monkey (D:6)
  3 hounds
  Ijyb (D:3)
  3 iguanas
  An orc wizard (D:3)
  2 hound zombies (Ossuary)
  5 mummies
  Robin (D:3)
  3 gnolls (D:4)
  2 adders (D:3)
  A white imp (D:6)
  An adder zombie (Ossuary)
  8 orcs
  A ball python (D:3)
  2 gnoll zombies (Ossuary)
  5 goblins (D:3)
  6 hobgoblins
  4 jackals (D:5)
  3 kobolds
  A bat (D:3)
  A frilled lizard (D:3)
  A goblin zombie (Ossuary)
  2 hobgoblin zombies (Ossuary)
  A jackal zombie (Ossuary)
  5 kobold zombies
  A rat (D:3)
71 creatures vanquished.

Vanquished Creatures (others)
  A giant cockroach (D:4)
1 creature vanquished.

Grand Total: 72 creatures vanquished

Notes
Turn   | Place    | Note
-------+----------+-------------------------------------------
     0 | D:5      | blackman the Human Delver began the quest for the Orb.
     0 | D:5      | Reached XP level 1. HP: 18/18 MP: 1/1
    42 | D:5      | Noticed a jelly
    52 | D:5      | Noticed an iguana
    62 | D:5      | Noticed a howler monkey
    96 | D:5      | Reached XP level 2. HP: 18/24 MP: 2/2
   535 | D:5      | Reached skill level 3 in Axes
   629 | D:5      | Noticed a centaur
   638 | D:5      | Killed a centaur
   639 | D:5      | Reached skill level 4 in Axes
   639 | D:5      | Reached XP level 3. HP: 12/29 MP: 3/3
   639 | D:5      | Reached XP level 4. HP: 14/35 MP: 4/4
   824 | D:5      | Noticed a water moccasin
   855 | D:4      | Identified the +4 leather armour of Integrity {Drain rElec
                  | rC+ Str+2}
   898 | D:4      | Noticed Sigmund
   993 | D:4      | Reached XP level 5. HP: 41/41 MP: 5/5
  1044 | D:4      | Reached skill level 5 in Axes
  1206 | D:4      | Found Poveahoxt's Antique Armour Emporium.
  1675 | D:3      | Noticed Ijyb
  1689 | D:3      | Noticed Robin
  1704 | D:3      | Killed Ijyb
  1705 | D:3      | Reached XP level 6. HP: 5/47 MP: 6/6
  1708 | D:3      | Killed Robin
  1710 | D:3      | Reached skill level 6 in Axes
  2673 | D:4      | Killed Sigmund
  2674 | D:4      | Reached skill level 7 in Axes
  2674 | D:4      | Reached XP level 7. HP: 44/52 MP: 7/7
  2915 | D:4      | Found a staircase to the Ecumenical Temple.
  2930 | Temple   | Entered the Ecumenical Temple
  3143 | Temple   | Became a worshipper of Makhleb the Destroyer
  3730 | D:6      | Found a sand-covered staircase.
  3771 | Ossuary  | Entered an ossuary
  3782 | Ossuary  | Reached skill level 8 in Axes
  3786 | Ossuary  | Reached * piety under Makhleb
  4064 | D:6      | Found an ancient bone altar of Kikubaaqudgha.
  4064 | D:6      | Found a sacrificial altar of Ru.
  4064 | D:6      | Found a broken altar of Ashenzari.
  4064 | D:6      | Found a snail-covered altar of Cheibriados.
  4070 | D:6      | Found a glowing golden altar of the Shining One.
  4070 | D:6      | Found an iron altar of Okawaru.
  4134 | D:6      | Reached XP level 8. HP: 58/58 MP: 8/8
  4232 | D:6      | Reached skill level 9 in Axes
  4282 | D:6      | Found a shimmering altar of Xom.
  4284 | D:6      | Found a bloodstained altar of Trog.
  4284 | D:6      | Found an opulent altar of Gozag.
  4286 | D:6      | Found a blossoming altar of Fedhas.
  4286 | D:6      | Found a shimmering altar of Xom.
  4286 | D:6      | Found a radiant altar of Vehumet.
  4504 | D:6      | Found a radiant altar of Vehumet.
  4507 | D:6      | Quit the game

Illustrated notes

Levels and vault maps discovered:
D:3:      layout_basic, mainiacjoe_overflow_alcove_4, serial_co_window_serial,
          co_window_paths_a, co_window_paths_a, co_window_corner_a,
          co_window_paths_a, co_window_cross_1, co_window_corner_b,
          co_window_unsneaky_path_d, co_window_cross_4, co_window_corner_b,
          co_window_2corner, co_window_broadway_a, glass_columns_b,
          glass_columns_a, glass_columns_b, glass_columns_a, glass_columns_a,
          minmay_misc_feat_plants, uniq_robin, uniq_ijyb
D:4:      layout_loops_ring, lemuel_temple_firewalk_b, serial_shops,
          kennysheep_mini, minmay_misc_feat_pillars, uniq_sigmund
D:5:      layout_basic, kennysheep_nondescript
D:6:      layout_basic, mainiacjoe_overflow_cross_hatched, doesnt_xom_only_xom,
          minmay_overflow_temple_hex, nicolae_ossuary_entry_giza
Temple:   minmay_temple_curvy_loop

Skill      XL: |  1  2  3  4  5  6  7  8 |
---------------+-------------------------+-----
Axes           | 4 5 7 8 9 |  9.4
Fighting       | |  3.0
Dodging        | |  2.0
Stealth        | |  5.0

Action                   |  1- 3 |  4- 6 |  7- 9 || total
-------------------------+-------+-------+-------++-------
Melee: Hand axe          |    34 |    38 |       ||    72
       War axe           |       |    57 |    85 ||   142
       Punch             |       |     1 |     2 ||     3
Throw: Dart              |       |     5 |       ||     5
       Javelin           |       |     3 |       ||     3
  Use: Scroll            |       |       |    10 ||    10
 Stab: Sleeping          |     1 |       |     3 ||     4
       Distracted        |       |       |     1 ||     1
Armor: Leather armour    |     4 |    43 |    33 ||    80
Dodge: Dodged            |    32 |    94 |    64 ||   190

Table legend: (Time is in decaauts)
 A = Elapsed time spent in this place.
 B = Non-inter-level travel time spent in this place.
 C = Inter-level travel time spent in this place.
 D = Time resting spent in this place.
 E = Time spent auto-exploring this place.
 F = Levels seen in this place.
 G = Mean time per level.
                   A        B        C        D        E       F      G
               +--------+--------+--------+--------+--------+-----+--------+
         Total |   4538 |   4181 |    357 |   1315 |   1950 |   6 |  756.3 |
       Dungeon |   4095 |   3805 |    290 |   1315 |   1663 |   4 | 1023.8 |
        Temple |    258 |    191 |     67 |      0 |    185 |   1 |  258.0 |
       Ossuary |    183 |    183 |      0 |      0 |    102 |   1 |  183.0 |
               +--------+--------+--------+--------+--------+-----+--------+

Top non-repeatable levels by time:
     D:4: 1324 daAuts
     D:3: 1116 daAuts
     D:5: 968 daAuts
     D:6: 685 daAuts
  Temple: 258 daAuts
 Ossuary: 183 daAuts
